 Dungeon Crawl Stone Soup version 0.26-a0-752-gcff87cac9a (webtiles) character file.

Game seed: 494116123373536874

81 Forecaster the Stinger (level 4, -1/36 HPs)
             Began as a Naga Venom Mage on Nov 6, 2020.
             Slain by a gnoll
             ... wielding a +0 club
              (8 damage)
             ... on level 3 of the Dungeon.
             The game lasted 00:07:34 (2646 turns).

Forecaster the Stinger (Naga Venom Mage)            Turns: 2646, Time: 00:07:35

Health: -1/36      AC:  3    Str: 10    XL:     4   Next: 40%
Magic:  0/8        EV: 10    Int: 17    God:
Gold:   107        SH:  0    Dex: 11    Spells: 6/9 levels left

rFire    . . .     SeeInvis +   d - +2 dagger (freeze)
rCold    . . .     Faith    .   (no shield)
rNeg     . . .     Spirit   .   f - +0 robe
rPois    +         Reflect  .   (no helmet)
rElec    .         Harm     .   (no cloak)
rCorr    .         Rampage  .   l - +0 pair of gloves (curse)
MR       .....                  (no barding)
Stlth    ++........             (no amulet)
HPRegen  0.12/turn              (no ring)
MPRegen  0.11/turn              (no ring)

@: very slow
A: large, see invisible, deformed body, poison resistance, slowness 2, spit
poison 1, AC +1
a: Spit Poison


You were on level 3 of the Dungeon.
You visited 1 branch of the dungeon, and saw 3 of its levels.

You collected 107 gold pieces.

Inventory:

Hand Weapons
 d - a +2 dagger of freezing (weapon)
 e - a +0 short sword
Armour
 b - a +0 pair of gloves
 f - a +0 robe (worn)
 l - a cursed +0 pair of gloves (worn)
Wands
 c - a wand of flame (15)
Scrolls
 a - a scroll of enchant weapon {unknown}
 g - a scroll of identify
 h - a scroll of fog
 j - a scroll of amnesia {unknown}
Potions
 i - 2 potions of flight {unknown}
 k - a potion of brilliance
 m - a potion of mutation {unknown}


   Skills:
 + Level 0.2 Short Blades
 + Level 2.0 Dodging
 + Level 3.1 Stealth
 + Level 3.1 Spellcasting
 + Level 1.0 Transmutations
 + Level 0.5 Air Magic
 + Level 5.1 Poison Magic


You had 6 spell levels left.
You knew the following spells:

 Your Spells              Type           Power        Failure   Level
a - Sting                 Tmut/Pois      ##..         4%          1
b - Poisonous Vapours     Pois/Air       ##....       9%          2

Your spell library contained the following spells:

 Spells                   Type           Power        Failure   Level
 Ignite Poison            Fire/Tmut/Pois #.......     22%         3
 Olgreb's Toxic Radiance  Pois           ###.....     22%         4
 Mephitic Cloud           Conj/Pois/Air  #.......     24%         3


Dungeon Overview and Level Annotations

Branches:
Dungeon (3/15)

Altars:


Innate Abilities, Weirdness & Mutations

You cannot wear boots.
Your serpentine skin is tough. (AC +1)
You have supernaturally acute eyesight. (SInv)
Armour fits poorly on your strangely shaped body.
Your system is resistant to poisons. (rPois)
You cover ground very slowly.
You can spit poison.


Message History

The gnoll hits you with a +0 club!
* * * LOW HITPOINT WARNING * * *
You hit the gnoll but do no damage.
The gnoll is almost dead.
The gnoll closely misses you.
You hit the gnoll but do no damage.
The gnoll is almost dead.
The gnoll hits you with a +0 club.
* * * LOW HITPOINT WARNING * * *
Casting: Poisonous Vapours (safe; 9% risk of failure)
Confirm with . or Enter, or press ? or * to list all spells.
Press: ? - help, Dir - move target cursor, f - gnoll
Aim: a gnoll, wielding a +0 club Poisonous vapours surround the gnoll!
The gnoll is engulfed in poison gas.
The gnoll is poisoned.
The gnoll hits you with a +0 club.
* * * LOW HITPOINT WARNING * * *
You barely miss the gnoll.
The gnoll is almost dead.
The gnoll hits you with a +0 club!
You die...

##### #....# #...# #....#
#..)# #....# #...# #....#
#...# #....#####...#
####.......##...#########
...........@gg...........
####.#..##....#.......
#.......##............
#.###..########.....).
..##.###..# .......
..##.#....# .......
#.##.#.##.# ...g...
#.##.#....# ....)..
#.##.####.# .......


You could see 2 gnolls.

Vanquished Creatures
  2 gnolls (D:3)
  2 adders (D:2)
  An ooze (D:2)
  A worm (D:3)
  A dart slug (D:2)
  3 leopard geckos
  5 bats
  A giant cockroach (D:3)
  2 goblins
  6 hobgoblins
  A ball python (D:2)
  4 frilled lizards
  4 kobolds
  2 rats (D:2)
35 creatures vanquished.

Vanquished Creatures (others)
  A rat (D:1)
1 creature vanquished.

Grand Total: 36 creatures vanquished

Notes
Turn   | Place    | Note
-------+----------+-------------------------------------------
     0 | D:1      | Forecaster the Naga Venom Mage began the quest for the Orb.
     0 | D:1      | Reached XP level 1. HP: 15/15 MP: 3/3
   829 | D:1      | Reached XP level 2. HP: 22/22 MP: 1/5
   836 | D:1      | Learned a level 2 spell: Poisonous Vapours
  1418 | D:2      | Reached XP level 3. HP: 17/28 MP: 0/6
  2516 | D:3      | Reached XP level 4. HP: 36/36 MP: 5/8
  2557 | D:3      | Reached skill level 5 in Poison Magic
  2646 | D:3      | Slain by a gnoll

Illustrated notes

Levels and vault maps discovered:
D:1:      minmay_arrival_hallway, layout_basic, lemuel_flame_loot_1
D:2:      layout_loops_ring
D:3:      layout_basic

Skill      XL: |  1  2  3  4 |
---------------+-------------+-----
Dodging        | 2 |  2.0
Poison Magic   | 5 |  5.1
Spellcasting   | 3 |  3.1
Short Blades   | |  0.2
Stealth        | |  3.1
Transmutations | |  1.0
Air Magic      | |  0.5

Action                   |  1- 3 |  4- 6 || total
-------------------------+-------+-------++-------
Melee: Short sword       |    21 |       ||    21
       Dagger            |     6 |     9 ||    15
 Cast: Sting             |     7 |       ||     7
       Poisonous Vapours |    29 |     9 ||    38
  Use: Scroll            |     5 |       ||     5
Armor: Robe              |     8 |     1 ||     9
Dodge: Dodged            |    21 |     1 ||    22

Table legend: (Time is in decaauts)
 A = Elapsed time spent in this place.
 B = Non-inter-level travel time spent in this place.
 C = Inter-level travel time spent in this place.
 D = Time resting spent in this place.
 E = Time spent auto-exploring this place.
 F = Levels seen in this place.
 G = Mean time per level.
                   A        B        C        D        E       F      G
               +--------+--------+--------+--------+--------+-----+--------+
         Total |   3149 |   3098 |     51 |    454 |   2115 |   3 | 1049.7 |
       Dungeon |   3149 |   3098 |     51 |    454 |   2115 |   3 | 1049.7 |
               +--------+--------+--------+--------+--------+-----+--------+

Top non-repeatable levels by time:
     D:1: 1599 daAuts
     D:2: 1219 daAuts
     D:3: 330 daAuts
